 Dungeon Crawl Stone Soup version 0.23-a0-767-gdc19b93d68 (webtiles) character file.

205 Raymar the Magician (level 6, -4/41 HPs)
             Began as a Human Wizard on Jan 29, 2019.
             Slain by Menkaure (22 damage)
             ... on level 4 of the Dungeon.
             The game lasted 00:18:15 (4282 turns).

Raymar the Magician (Human Wizard)                  Turns: 4282, Time: 00:18:16

Health: -4/41      AC:  5    Str:  8    XL:     6   Next: 10%
Magic:  7/13       EV: 12    Int: 20    God:
Gold:   171        SH:  0    Dex: 11    Spells: 10/14 levels left

rFire    . . .     SeeInvis .   g - +3 dagger (flame)
rCold    . . .     Gourm    +   (no shield)
rNeg     . . .     Faith    .   o - +1 robe of Guthuedouf {MR+ rCorr}
rPois    .         Spirit   .   b - +1 hat
rElec    .         Reflect  .   n - +0 cloak
rCorr    +         Harm     .   (no gloves)
MR       +....                  (no boots)
Stlth    ++........             c - amulet of the gourmand
HPRegen  0.13/turn              (no ring)
MPRegen  0.13/turn              (no ring)

@: no status effects
A: no striking features
a: no special abilities


You were on level 4 of the Dungeon.
You were very full.

You visited 1 branch of the dungeon, and saw 4 of its levels.

You collected 171 gold pieces.

Inventory:

Hand Weapons
 g - a +3 dagger of flaming (weapon)
 k - a +0 dagger of freezing
Armour
 b - a +1 hat (worn)
 l - a +0 robe of magic resistance
 n - a +0 cloak (worn)
 o - the +1 robe of Guthuedouf (worn) {MR+ rCorr}
   (You found it on level 4 of the Dungeon)

   It affects your resistance to hostile enchantments.
   It provides partial protection from all sources of acid and corrosion.
Jewellery
 c - an amulet of the gourmand (around neck)
Scrolls
 h - 4 scrolls of remove curse
 i - 2 scrolls of amnesia
Potions
 a - a potion of brilliance
 e - a potion of agility
 f - a potion of flight {unknown}
 j - a potion of ambrosia {unknown}
 m - 2 potions of haste {unknown}
Comestibles
 d - 4 rations


   Skills:
 - Level 2.0 Dodging
 - Level 2.0 Stealth
 + Level 4.8 Spellcasting
 * Level 2.8 Conjurations
 + Level 2.4 Summonings
   Level 1.0 Translocations


You had 10 spell levels left.
You knew the following spells:

 Your Spells              Type           Power        Failure   Level  Hunger
a - Magic Dart            Conj           ###.         3%          1    None
b - Call Imp              Summ           ##......     7%          2    #......
c - Shock                 Conj/Air       ##..         7%          1    None

Your spell library contained the following spells:

 Spells                   Type           Power        Failure   Level  Hunger
 Blink                    Tloc           N/A          12%         2    #......
 Slow                     Hex            #.......     19%         2    #......
 Swiftness                Chrm/Air       #.......     19%         2    #......
 Conjure Flame            Conj/Fire      ##......     21%         3    ##.....
 Static Discharge         Conj/Air       ##......     21%         3    ##.....
 Mephitic Cloud           Conj/Pois/Air  #.......     24%         3    ##.....
 Airstrike                Air            #.........   75%         4    ####...
 Lightning Bolt           Conj/Air       ##........   88%         5    ######.


Dungeon Overview and Level Annotations

Branches:
Dungeon (4/15)
 Temple: D:4-7

Altars:
Dithmenos

Annotations:
D:4 Menkaure, Pikel


Message History

Menkaure shouts!
Menkaure casts a spell.
Menkaure seems to speed up.
Casting: Call Imp (safe; 7% risk of failure)
Confirm with . or Enter, or press ? or * to list all spells.
A beastly little devil appears in a puff of flame.
Menkaure gestures at you while chanting.
You resist with some effort.
Casting: Call Imp (safe; 7% risk of failure)
Confirm with . or Enter, or press ? or * to list all spells.
A beastly little devil appears in a puff of flame.
Menkaure closely misses you.
Your crimson imp hits Menkaure but does no damage.
Casting: Call Imp (safe; 7% risk of failure)
Confirm with . or Enter, or press ? or * to list all spells.
A beastly little devil appears in a puff of frigid air.
Menkaure hits you! x2; Your crimson imp hits Menkaure.
You swap places.
Menkaure hits you!!
Ouch! That really hurt!
You die...

......############
####.........>...#
#.###########.#
#.# #.# #.# #.#
#.# #.# #.# #.#
.....# #5# ..####
#@### . #5M.#
#5..#.# #.#....#
#.≈♣...# # ≈ ...#
≈♣ ..♣♣ ♣ .≈≈ .≈≈≈


You could see Menkaure and 2 friendly crimson imps.

Vanquished Creatures
  A slave (D:4)
  Natasha (twice) (D:2)
  2 adders
  2 shadow imps
  2 dart slugs (D:1)
  A leopard gecko (D:2)
  An orc (D:4)
  A ball python (D:3)
  A giant cockroach (D:1)
  5 goblins
  3 hobgoblins
  3 jackals (D:2)
  2 quokkas
  7 bats
  7 frilled lizards
  9 kobolds
  7 rats
56 creatures vanquished.

Vanquished Creatures (collateral kills)
  A slave (D:4)
  A hound (D:4)
  Jessica (D:2)
  Natasha (D:2)
  3 adders
  3 worms (D:2)
  A leopard gecko (D:3)
  An orc (D:4)
  A ball python (D:2)
  A bat (D:2)
  3 giant cockroaches
  A goblin (D:2)
  2 hobgoblins
  A frilled lizard (D:2)
  A rat (D:2)
22 creatures vanquished.

Grand Total: 78 creatures vanquished

Notes
Turn   | Place    | Note
-------+----------+-------------------------------------------
     0 | D:1      | Raymar the Human Wizard began the quest for the Orb.
     0 | D:1      | Reached XP level 1. HP: 13/13 MP: 4/4
   349 | D:1      | Reached XP level 2. HP: 14/19 MP: 0/6
   420 | D:1      | Learned a level 2 spell: Call Imp
  1452 | D:2      | Noticed Natasha
  1526 | D:2      | Killed Natasha
  1526 | D:2      | Reached XP level 3. HP: 24/24 MP: 0/8
  1712 | D:2      | Reached XP level 4. HP: 30/30 MP: 0/9
  1738 | D:2      | Noticed Natasha
  1777 | D:2      | Killed Natasha
  1777 | D:2      | Reached skill level 4 in Spellcasting
  2053 | D:2      | Noticed Natasha
  2089 | D:2      | Killed Natasha
  2089 | D:2      | Reached XP level 5. HP: 21/35 MP: 1/11
  2438 | D:2      | Noticed Jessica
  2441 | D:2      | Killed Jessica
  2955 | D:3      | Found a shadowy altar of Dithmenos.
  3592 | D:4      | Reached XP level 6. HP: 41/41 MP: 9/13
  3609 | D:4      | Learned a level 1 spell: Shock
  3611 | D:4      | Noticed a slave
  3611 | D:4      | Noticed a slave
  3611 | D:4      | Noticed a slave
  3611 | D:4      | Noticed a slave
  3611 | D:4      | Noticed Pikel
  3673 | D:4      | Killed a slave
  3937 | D:4      | Killed a slave
  4192 | D:4      | Got a thick robe
  4203 | D:4      | Identified the +1 robe of Guthuedouf {MR+ rCorr} (You found
                  | it on level 4 of the Dungeon)
  4255 | D:4      | Noticed an ogre
  4277 | D:4      | Noticed Menkaure
  4282 | D:4      | Slain by Menkaure

Vault maps used:
D:1:      lightli_arrival_maybe_door_vault
D:2:      minmay_misc_feat_square, uniq_natasha, uniq_jessica
D:3:      nicolae_dithmenos_shadow_blocks, minmay_splitting_lines,
          minmay_misc_feat_alley
D:4:      first_ration, serial_bayou_ford_a, uniq_menkaure, uniq_pikel,
          uniq_robin

Skill      XL: |  1  2  3  4  5 |
---------------+----------------+-----
Spellcasting   | 4 |  4.8
Conjurations   | 2 |  2.8
Summonings     | 2 |  2.4
Dodging        | |  2.0
Stealth        | |  2.0
Translocations | |  1.0

Action                   |  1- 3 |  4- 6 || total
-------------------------+-------+-------++-------
Melee: Unarmed           |    32 |       ||    32
       Dagger            |     8 |    36 ||    44
 Cast: Magic Dart        |    57 |    59 ||   116
       Call Imp          |    10 |    59 ||    69
       Shock             |       |     4 ||     4
  Use: Scroll            |     5 |     4 ||     9
       Potion            |       |     4 ||     4
  Eat: Chunk             |    15 |     7 ||    22
Armor: Robe              |    24 |    10 ||    34
Dodge: Dodged            |    59 |    59 ||   118

Table legend:
 A = Non-vault XP
 B = Vault XP
 C = Vault XP percentage of total XP
 D = Non-vault monster count
 E = Vault monster count
 F = Vault count percentage of total count
                 A         B        C        D         E       F
            +---------+---------+-------+---------+---------+-------
      Total |     257 |      37 |  12.6 |      74 |       2 |   2.6
            +---------+---------+-------+---------+---------+-------
        D:1 |      27 |       0 |   0.0 |      18 |       0 |   0.0
        D:2 |     131 |      37 |  22.0 |      32 |       2 |   5.9
        D:3 |      56 |       0 |   0.0 |      18 |       0 |   0.0
        D:4 |      43 |       0 |   0.0 |       6 |       0 |   0.0
            +---------+---------+-------+---------+---------+-------
